 Dungeon Crawl Stone Soup version 0.31.0 (webtiles) character file.

Game seed: 17760778691457052219

144 SnakkuSnakku7 the Chopper (level 5, -3/37 (41) HPs)
             Began as a Formicid Cinder Acolyte on Jan 20, 2024.
             Was a High Priest of Ignis.
             Slain by an ogre
             ... wielding a +0 giant club
              (8 damage)
             ... on level 3 of the Dungeon.
             The game lasted 00:02:52 (1374 turns).

SnakkuSnakku7 the Chopper (Formicid Cinder Acolyte) Turns: 1374, Time: 00:02:52

HP:   -3/37 (41)    AC:  7    Str: 20    XL:     5   Next: 52%
MP:   6/6           EV: 14    Int: 14    God:    Ignis [*****.]
Gold: 116           SH:  3    Dex:  9    Spells: 6/6 levels left

rFire   + . .        a - +0 war axe
rCold   . . .        u - +0 buckler
rNeg    . . .        h - +0 scale mail
rPois   .            (helmet unavailable)
rElec   .            (no cloak)
rCorr   .            j - +0 pair of gloves
SInv    +            (no boots)
Will    .....        (no amulet) Stlth
                     q - +5 ring of evasion
HPRegen 0.26/turn    (no ring)
MPRegen 0.10/turn

%: no passive effects
@: drained
A: permanent stasis, dig shafts and tunnels, antennae 3, four strong arms
a: Dig, Shaft Self, Renounce Religion, Fiery Armour, Foxfire Swarm, Rising Flame


You were on level 3 of the Dungeon.
You worshipped Ignis.
Ignis was extremely pleased with you.
You visited 1 branch of the dungeon, and saw 3 of its levels.

You collected 116 gold pieces.

Inventory:

Hand Weapons
 a - a +0 war axe (weapon)
 v - a -1 hand axe of flaming
Armour
 b - a +0 robe
 h - a +0 scale mail (worn)
 j - a +0 pair of gloves (worn)
 u - a +0 buckler (worn)
Jewellery
 q - a +5 ring of evasion (left hand)
Scrolls
 c - 2 scrolls of enchant armour {unknown}
 g - 2 scrolls of immolation {unknown}
 i - a scroll of identify {unknown}
 k - 2 scrolls of teleportation {unknown}
 m - a scroll of amnesia {unknown}
 n - a scroll of fear {unknown}
 o - 2 scrolls of butterflies {unknown}
 t - 2 scrolls of noise {unknown}
Potions
 d - 2 potions of haste {unknown}
 e - 2 potions of brilliance {unknown}
 f - a potion of mutation {unknown}
 l - a potion of cancellation {unknown}
 p - a potion of curing {unknown}
 r - 2 potions of invisibility {unknown}
 s - a potion of ambrosia {unknown}


   Skills:
 - Level 3.2 Fighting
 + Level 5.8 Axes
 - Level 1.1 Spellcasting
 - Level 3.0 Fire Magic


You had 6 spell levels left.
You didn't know any spells.
Your spell library contained the following spells:

 Spells                   Type           Power      Damage    Failure   Level
 Scorch                   Fire           18%        2d5       41%         2
 Slow                     Hex            0%         N/A       71%         1
 Confusing Touch          Hex            0%         N/A       97%         3
 Sigil of Binding         Hex            0%         N/A       97%         3
 Vampiric Draining        Necr           0%         2d6       97%         3


Dungeon Overview and Level Annotations

Branches:
Dungeon (3/15)

Altars:


Innate Abilities, Weirdness & Mutations

You cannot be hasted, slowed, berserked, paralysed or teleported.
You can dig through walls and to a lower floor.
You have a pair of large antennae on your head. (SInv)
Your four strong arms can wield two-handed weapons with a shield.


Message History

Found a plate armour.
The ogre shouts!
Activating: Foxfire Swarm
Press: ? - help, Dir - look around, f - activate Flames leap up around you!
The ogre misses you.
Unknown command.
Unknown command.
Your foxfire dissipates!
The foxfire hits the ogre.
The ogre is lightly wounded.
The foxfire hits the ogre.
The ogre is lightly wounded.
The foxfire hits the ogre.
The ogre is moderately wounded.
The foxfire hits the ogre.
The ogre is moderately wounded.
Unknown command.
Unknown command.
Unknown command.
Unknown command.
You hit the ogre but do no damage.
The ogre is moderately wounded.
The ogre hits you with a +0 giant club!
You hit the ogre but do no damage.
The ogre is moderately wounded.
The ogre completely misses you.
Unknown command.
You hit the ogre.
The ogre is heavily wounded.
Unknown command.
You barely miss the ogre.
The ogre is heavily wounded.
The ogre hits you with a +0 giant club!!
Ouch! That really hurt!
* * * LOW HITPOINT WARNING * * *
Unknown command.
You hit the ogre.
The ogre is severely wounded.
The ogre hits you with a +0 giant club!
You die...

..........##.#
..........##.#
..........##.#
#.........##.#
#######...##.# ####
#...........# [.v
#.#.....#...#
###.######.#.##..#.###
#...O@.....#..........
#.#>########..#..#####
#v #..#.......
#.########......####
#..........##.#.# {
#.............#.#
#.........#####.#
#........†....#.# {
#########......#


You could see an ogre.

Vanquished Creatures
  Jessica (D:2)
  Natasha (D:3)
  4 adders (D:2)
  2 dart slugs (D:1)
  An endoplasm (D:2)
  2 giant cockroaches
  5 goblins
  5 hobgoblins
  4 jackals (D:1)
  A quokka (D:1)
  7 ball pythons
  3 bats
  3 frilled lizards
  9 kobolds
  6 rats
54 creatures vanquished.

Vanquished Creatures (others)
  4 foxfires (D:3)
4 creatures vanquished.

Grand Total: 58 creatures vanquished

Notes
Turn   | Place    | Note
-------+----------+-------------------------------------------
     0 | D:1      | SnakkuSnakku7 the Formicid Cinder Acolyte began the quest
                  | for the Orb.
     0 | D:1      | Reached XP level 1. HP: 18/18 MP: 2/2
   220 | D:1      | Reached XP level 2. HP: 17/24 MP: 3/3
   313 | D:1      | Reached skill level 4 in Axes
   313 | D:1      | Reached XP level 3. HP: 29/29 MP: 4/4
   557 | D:2      | Reached XP level 4. HP: 31/35 MP: 5/5
   677 | D:2      | Noticed Jessica
   684 | D:2      | Killed Jessica
   685 | D:2      | Reached skill level 5 in Axes
   955 | D:3      | Noticed Natasha
  1067 | D:2      | Reached XP level 5. HP: 30/34 MP: 6/6
  1192 | D:3      | Killed Natasha
  1366 | D:3      | Noticed an ogre
  1374 | D:3      | Slain by an ogre

Illustrated notes

Levels and vault maps discovered:
D:1:      amcnicky_arrival_wind_blow, layout_rooms
D:2:      layout_rooms, minmay_hexomino_f4, uniq_jessica
D:3:      minmay_chambers_of_twos, layout_basic, uniq_natasha

Skill      XL: |  1  2  3  4 |
---------------+-------------+-----
Axes           | 4 5 |  5.8
Fighting       | |  3.2
Spellcasting   | |  1.1
Fire Magic     | |  3.0

Action                     |  1- 3 |  4- 6 || total
---------------------------+-------+-------++-------
  Melee: Hand axe          |    86 |   103 ||   189
         War axe           |       |     5 ||     5
 Invoke: Foxfire Swarm     |       |     1 ||     1
Ability: Dig               |       |     3 ||     3
 Armour: Robe              |    17 |       ||    17
         Scale mail        |    41 |   103 ||   144
  Dodge: Dodged            |    57 |   125 ||   182
  Block: Buckler           |       |    25 ||    25
